 Dungeon Crawl Stone Soup version 0.26.1-11-gd32895ea62 (webtiles) character file.

Game seed: 881320548778275105

57952 Fusha the Nimble (level 15, -15/122 HPs)
             Began as a Human Brigand on June 3, 2021.
             Was a High Priest of Trog.
             Demolished by an acid blob (39 damage)
             ... on level 1 of the Pits of Slime.
             The game lasted 02:33:28 (21739 turns).

Fusha the Nimble (Human Brigand)                   Turns: 21739, Time: 02:33:29

Health: -15/122    AC:  6    Str: 13    XL:     15   Next: 28%
Magic:  15/15      EV: 22    Int: 11    God:    Trog [*****.]
Gold:   1228       SH: 11    Dex: 20    Spells: 14/14 levels left

rFire    + . .     SeeInvis +   b - +6 short sword (vorpal)
rCold    + . .     Faith    .   y - +0 buckler
rNeg     . . .     Spirit   .   A - +2 acid dragon scales (curse)
rPois    .         Reflect  +   o - +0 helmet
rElec    .         Harm     .   m - scarf {rC+ rF+}
rCorr    +         Rampage  .   r - +3 pair of gauntlets of War {Slay+5}
Will     +....                  z - +0 pair of boots
Stlth    +++++.....             u - amulet of reflection
HPRegen  0.30/turn              M - ring of see invisible
MPRegen  0.14/turn              (no ring)

@: corroded
A: no striking features
a: Renounce Religion, Berserk, Trog's Hand, Brothers in Arms


You were on level 1 of the Pits of Slime.
You worshipped Trog.
Trog was extremely pleased with you.
You visited 3 branches of the dungeon, and saw 16 of its levels.
You also visited: Gauntlet.

You collected 1344 gold pieces.
You spent 116 gold pieces at shops.

Inventory:

Hand Weapons
 a - a +1 dagger of venom
 b - a +6 vorpal short sword (weapon)
 c - a +0 dagger of flaming
 d - a +1 short sword of freezing
Missiles
 e - 8 curare-tipped darts
 l - 28 boomerangs
 v - 16 silver javelins
 P - 26 poisoned darts
 R - 6 atropa-tipped darts (quivered)
Armour
 f - a +1 robe of cold resistance
 m - a scarf of resistance (worn)
 o - a +0 helmet (worn)
 r - the +3 pair of gauntlets of War (worn) {Slay+5}
   (You found it on level 7 of the Dungeon)

   It affects your accuracy and damage with ranged weapons and melee attacks
   (+5).
 y - a +0 buckler (worn)
 z - a +0 pair of boots (worn)
 A - cursed +2 acid dragon scales (worn)
 I - a scarf of invisibility
 O - the +1 robe "Xigoh" {Harm rCorr, unknown}
   (You found it on level 5 of the Lair of Beasts)

   It provides partial protection from all sources of acid and corrosion.
   It increases damage dealt and taken.
 S - a +3 ring mail of cold resistance
Jewellery
 i - an uncursed ring of positive energy
 u - an amulet of reflection (around neck)
 C - an uncursed amulet of regeneration
 M - a ring of see invisible (left hand)
Wands
 n - a wand of iceblast (11)
 x - a wand of paralysis (9)
Scrolls
 g - 3 scrolls of blinking {unknown}
 k - 5 scrolls of magic mapping
 s - a scroll of noise
 w - 2 scrolls of remove curse
 D - a scroll of enchant armour
 J - a scroll of fear
 L - 7 scrolls of teleportation
 N - 2 scrolls of silence {unknown}
 Q - a scroll of fog
Potions
 j - 7 potions of curing
 p - 2 potions of cancellation {unknown}
 q - 2 potions of attraction
 t - 5 potions of flight
 B - 4 potions of haste {unknown}
 E - 2 potions of resistance
 F - 4 potions of lignification
 G - 7 potions of mutation
 H - 2 potions of magic
 T - 2 potions of ambrosia {unknown}
Miscellaneous
 K - a phantom mirror


   Skills:
 + Level 12.8 Fighting
 - Level 12.0 Short Blades
 + Level 6.6 Throwing
 + Level 13.0 Dodging
 + Level 12.7 Stealth
 - Level 4.0 Shields
 + Level 2.6 Evocations


You had 14 spell levels left.
You didn't know any spells.
Your spell library was empty.

Dungeon Overview and Level Annotations

Branches:
Dungeon (9/15)             Temple (0/1) D:7            Lair (6/6) D:8
 Shoals (0/4) Lair:4        Snake (0/4) Lair:4        Slime (1/5) Lair:6
Gauntlet (visited)
    Orc: D:9-12

Altars:
Ashenzari
Cheibriados
Dithmenos
Hepliaklqana
Kikubaaqudgha
Sif Muna
Trog
Beogh
Jiyva

Shops:
D:6 *

Annotations:
D:7 exclusion: downstairs
Lair:1 exclusion: 2 downstairs
Lair:2 exclusion: downstairs
Lair:3 exclusion: downstairs


Message History

The acid blob hits you!! The acid corrodes you!
You are splashed with acid.
You resist.
You hit the acid blob.
Your hands burn!
The acid blob is lightly wounded.
The acid blob hits you!
You are splashed with acid.
You resist.
You puncture the acid blob!
Your hands burn!
The acid blob is lightly wounded.
You hit the acid blob.
Your hands burn!
The acid blob is moderately wounded.
The acid blob spits acid at you.
The splash of acid reflects off an invisible shield around you!
The splash of acid hits the acid blob.
The acid blob completely resists.
You hit the acid blob.
Your hands burn!
The acid blob is moderately wounded.
You feel much better. The acid blob hits you!!
* * * LOW HITPOINT WARNING * * *
You are splashed with acid.
You resist.
* * * LOW HITPOINT WARNING * * *
The acid blob hits you!!!
You die...

#...>.. ......
##............
#............. .
#.......#.... ..
#..........##...
#.............>.
##..#...........
#...............
#......@J......
#..<...........
#.........#..#..
##.......##.....
#.........# ....
##.....#.## ..#
##.....## ###
##.#.## #####


You could see an acid blob.

Vanquished Creatures
  An acid blob (Slime:1)
  Snorg (Lair:6)
  A fire dragon (Lair:6)
  Fannar (Lair:3)
  4 hydras
  2 catoblepae
  7 death yaks
  Urug (Lair:3)
  Pikel (D:8)
  A lindwurm (Lair:6)
  The ghost of Acheron the Sneak, a novice DrBr (D:6)
  An ugly thing (D:8)
  An oklob plant (Lair:6)
  2 merfolk sirens (Lair:4)
  12 black mambas
  Joseph (D:7)
  2 molten gargoyles (Lair:6)
  19 elephants
  An eye of devastation (Gauntlet)
  Maggie (D:6)
  11 cane toads
  13 komodo dragons
  16 rime drakes
  2 merfolk (Lair:4)
  4 polar bears
  5 dream sheep (Lair:5)
  18 blink frogs
  11 slime creatures
  3 wyverns (Lair:6)
  17 yaks
  5 basilisks
  10 steam dragons
  A golden eye (Gauntlet)
  Menkaure (D:6)
  4 nagas (Lair:4)
  An acid dragon (Lair:2)
  3 hell hounds (Lair:6)
  12 water moccasins
  A floating eye (Gauntlet)
  2 black bears
  An ice beast (D:7)
  3 sky beasts
  An eye of draining (Lair:6)
  2 orc warriors (D:7)
  23 wolves
  2 centaurs
  3 lemures (D:8)
  9 bullfrogs
  4 killer bees (D:8)
  An electric eel (Lair:3)
  4 lava snakes (Lair:6)
  3 hounds
  2 quasits
  An orc priest (D:7)
  3 centaur skeletons
  A gnoll shaman (D:7)
  An iguana (D:8)
  4 orc wizards
  5 worker ants
  3 hell rats (Lair:2)
  A killer bee zombie (D:8)
  A howler monkey zombie (D:6)
  Robin (D:3)
  A howler monkey skeleton (D:7)
  8 adders
  3 gnolls (D:7)
  A shadow imp (D:6)
  3 white imps
  2 oozes
  An adder skeleton (D:8)
  An adder zombie (D:6)
  3 worms
  4 dart slugs
  7 leopard geckos
  20 orcs
  8 bats
  8 giant cockroaches
  14 goblins
  7 hobgoblins
  6 jackals
  3 quokkas
  A ball python (D:2)
  6 frilled lizards
  A jackal zombie (D:8)
  6 kobolds
  A leopard gecko skeleton (D:8)
  A rat (D:2)
396 creatures vanquished.

Vanquished Creatures (collateral kills)
  A minotaur (Gauntlet)
1 creature vanquished.

Vanquished Creatures (others)
  A lemure (D:8)
  2 hell rats (Lair:2)
  61 fungi
  65 plants
129 creatures vanquished.

Grand Total: 526 creatures vanquished

Notes
Turn   | Place    | Note
-------+----------+-------------------------------------------
     0 | D:1      | Fusha the Human Brigand began the quest for the Orb.
     0 | D:1      | Reached XP level 1. HP: 16/16 MP: 1/1
   157 | D:1      | Reached XP level 2. HP: 13/22 MP: 2/2
   783 | D:2      | Noticed Robin
  1012 | D:3      | Reached XP level 3. HP: 27/27 MP: 3/3
  1360 | D:2      | Reached XP level 4. HP: 13/33 MP: 4/4
  1561 | D:2      | Reached skill level 5 in Stealth
  2012 | D:3      | Killed Robin
  2176 | D:2      | Found a faded altar of an unknown god.
  2202 | D:2      | Became a worshipper of Trog the Wrathful
  2202 | D:2      | Reached * piety under Trog
  2364 | D:2      | Reached XP level 5. HP: 38/38 MP: 5/5
  2521 | D:3      | Noticed a shadow
  2542 | D:3      | Found a shadowy altar of Dithmenos.
  2543 | D:3      | Found a hazy altar of Hepliaklqana.
  3412 | D:4      | Reached XP level 6. HP: 43/46 MP: 6/6
  4059 | D:5      | Entered Level 5 of the Dungeon
  4287 | D:5      | Noticed a sky beast
  4504 | D:6      | Reached ** piety under Trog
  4564 | D:6      | Noticed an ogre
  4751 | D:6      | Reached skill level 2 in Dodging
  4934 | D:6      | Noticed Menkaure
  5039 | D:7      | Noticed a black bear
  5093 | D:7      | Reached XP level 7. HP: 50/51 MP: 7/7
  5166 | D:7      | Found a staircase to the Ecumenical Temple.
  5396 | D:7      | Reached skill level 5 in Short Blades
  5425 | D:7      | Reached skill level 3 in Dodging
  5425 | D:7      | Reached XP level 8. HP: 37/58 MP: 8/8
  5559 | D:7      | Noticed Joseph
  5815 | D:6      | Killed Menkaure
  5816 | D:6      | Reached skill level 1 in Shields
  6046 | D:6      | Found Ofyah's General Store.
  6049 | D:6      | Bought a scroll of identify for 22 gold pieces
  6049 | D:6      | Bought 6 curare-tipped darts for 39 gold pieces
  6049 | D:6      | Bought a potion of curing for 33 gold pieces
  6049 | D:6      | Bought a scroll of identify for 22 gold pieces
  6104 | D:6      | Noticed Maggie
  6301 | D:5      | Reached skill level 4 in Dodging
  6488 | D:6      | Killed Maggie
  6489 | D:6      | Reached XP level 9. HP: 66/66 MP: 9/9
  6722 | D:7      | Found a runed translucent gate.
  6722 | D:7      | Found a runed translucent gate.
  6723 | D:7      | Found a runed translucent gate.
  6725 | D:7      | Found a roughly hewn altar of Beogh.
  6726 | D:7      | Found the +3 pair of gauntlets of War {Slay+5}
  6726 | D:7      | Identified the +3 trident of the Unliving {pain, rC+ Str+3}
  6738 | D:7      | Noticed Acheron's ghost (novice DrBr)
  6846 | D:7      | Killed Joseph
  6847 | D:7      | Found Dididun's Magic Scroll Shop.
  7108 | D:6      | Killed Acheron's ghost
  7109 | D:6      | Reached skill level 5 in Fighting
  7109 | D:6      | Reached skill level 5 in Dodging
  7468 | D:8      | Noticed a cyan ugly thing
  7632 | D:8      | Reached XP level 10. HP: 66/74 MP: 10/10
  7688 | D:8      | Noticed Pikel
  7750 | D:8      | Killed Pikel
  7841 | D:8      | Found a staircase to the Lair.
  7876 | D:8      | Found an ancient bone altar of Kikubaaqudgha.
  7904 | D:8      | Found a shimmering blue altar of Sif Muna.
  8027 | D:8      | Found a broken altar of Ashenzari.
  8179 | D:8      | Found a snail-covered altar of Cheibriados.
  8284 | D:8      | Killed a cyan ugly thing
  8351 | D:8      | Reached skill level 6 in Dodging
  8479 | Lair:1   | Entered Level 1 of the Lair of Beasts
  8507 | Lair:1   | Noticed a cane toad
  8542 | Lair:1   | Killed a cane toad
  8698 | Lair:1   | Noticed a cane toad
  8706 | Lair:1   | Killed a cane toad
  8797 | Lair:1   | Reached *** piety under Trog
  9009 | Lair:1   | Noticed a cane toad
  9017 | Lair:1   | Killed a cane toad
  9560 | Lair:2   | Noticed a rime drake
  9560 | Lair:2   | Noticed a rime drake
  9590 | Lair:2   | Noticed a black mamba
  9603 | Lair:2   | Killed a black mamba
  9604 | Lair:2   | Reached XP level 11. HP: 81/81 MP: 11/11
  9627 | Lair:1   | Reached skill level 5 in Throwing
  9907 | Lair:2   | Reached skill level 7 in Dodging
 10041 | Lair:3   | Noticed Urug
 10050 | Lair:3   | Reached skill level 10 in Short Blades
 10088 | Lair:3   | Killed Urug
 10089 | Lair:3   | Reached skill level 10 in Stealth
 10452 | Lair:3   | Noticed Fannar
 10595 | Lair:3   | Noticed a catoblepas
 10637 | Lair:3   | Reached skill level 1 in Evocations
 10898 | Lair:3   | Killed a catoblepas
 11051 | Lair:3   | Reached XP level 12. HP: 75/91 MP: 12/12
 11422 | Lair:2   | Reached skill level 8 in Dodging
 11696 | Lair:2   | Reached **** piety under Trog
 13417 | Lair:3   | Reached skill level 9 in Dodging
 13425 | Lair:3   | Reached XP level 13. HP: 90/99 MP: 13/13
 13980 | Lair:3   | Killed Fannar
 15061 | Lair:4   | Reached skill level 10 in Dodging
 15177 | Lair:4   | Noticed a four-headed hydra
 15193 | Lair:4   | Killed a four-headed hydra
 15754 | Lair:4   | Found a staircase to the Snake Pit.
 16083 | Lair:4   | Found a staircase to the Shoals.
 16090 | Lair:4   | Reached ***** piety under Trog
 16280 | Lair:4   | Reached skill level 10 in Fighting
 16774 | Lair:5   | Reached skill level 11 in Dodging
 17220 | Lair:5   | Got a creamy pearl robe
 17358 | Lair:5   | Reached XP level 14. HP: 89/111 MP: 14/14
 17862 | Lair:6   | Entered Level 6 of the Lair of Beasts
 17862 | Lair:6   | Found a viscous altar of Jiyva.
 17862 | Lair:6   | Found a staircase to the Slime Pits.
 17884 | Lair:6   | Received a gift from Trog
 18040 | Lair:6   | Found a gate leading to a gauntlet.
 18045 | Gauntlet | Entered a Gauntlet
 18045 | Gauntlet | Found a transporter.
 18052 | Gauntlet | Found a transporter.
 18055 | Gauntlet | Found a transporter.
 18056 | Gauntlet | Found a transporter.
 18065 | Gauntlet | Found a transporter.
 18067 | Gauntlet | Found a transporter.
 18068 | Gauntlet | Found a transporter.
 18079 | Gauntlet | Found a transporter.
 18080 | Gauntlet | Found a transporter.
 18080 | Gauntlet | Found a transporter.
 18084 | Gauntlet | Found a runed translucent door.
 18086 | Gauntlet | Found a runed translucent door.
 18088 | Gauntlet | Found a transporter.
 18091 | Gauntlet | Found a transporter.
 18092 | Gauntlet | Found a transporter.
 18100 | Gauntlet | Found a transporter.
 18137 | Gauntlet | Found a runed translucent door.
 18425 | Gauntlet | Noticed a minotaur
 18442 | Gauntlet | Killed a minotaur
 18927 | Lair:6   | Reached skill level 12 in Dodging
 19796 | Lair:6   | Noticed Snorg
 19827 | Lair:6   | Killed Snorg
 20083 | Lair:6   | Found a large runed translucent door.
 20084 | Lair:6   | Found a large runed translucent door.
 20194 | Lair:6   | Reached XP level 15. HP: 113/121 MP: 15/15
 21214 | Slime:1  | Entered Level 1 of the Pits of Slime
 21235 | Slime:1  | Noticed an acid blob
 21533 | Slime:1  | Noticed an acid blob
 21730 | Slime:1  | Killed an acid blob
 21731 | Slime:1  | Reached skill level 13 in Dodging
 21739 | Slime:1  | Demolished by an acid blob

Illustrated notes

Levels and vault maps discovered:
D:1:      wander_arrival_desolate, layout_loops_cross, hangedman_decor_push
D:2:      layout_basic, chequers_ecumenical_altar_island, uniq_robin
D:3:      layout_loops_ring, riverfiend_overflow_shadow_ancestor
D:4:      layout_loops_ring
D:5:      layout_cave_pools
D:6:      layout_gridville, serial_shops, nicolae_shop_behind_doors,
          uniq_maggie, uniq_menkaure
D:7:      layout_rooms, minmay_temple_entry_wispy, serial_shops,
          nicolae_shop_trees, biasface_ghost_orc_armoury, uniq_joseph
D:8:      layout_loops_corners, nicolae_overflow_quartered_altars, uniq_pikel
D:9:      gammafunk_cloud_chamber, layout_basic, orc_0_dummy, serial_shops,
          shop, shop, nicolae_shop_temple_entry_statues_fountains,
          evilmike_ruin_ashenzari, uniq_erolcha
Lair:1:   layout_loops_ring, minmay_stone_trees_small, grunt_megastairs_5
Lair:2:   layout_loops_ring, bobbens_dragon_lair_wall
Lair:3:   layout_cave_pods, beast_lair_carwin_1, lemuel_fruit_fields,
          infiniplex_staircase_pool, uniq_fannar, uniq_urug
Lair:4:   layout_regular_city, elwin_shoals_entry_stream,
          guppyfry_snake_entry_garden
Lair:5:   layout_loops_ring
Lair:6:   cheibrodos_lair_end_hotspot, layout_regular_city, slime_altar_1,
          gauntlet_entry_generic, uniq_snorg
Slime:1:  layout_caves

Skill      XL: |  1  2  3  4  5  6  7  8  9 10 11 12 13 14 15 |
---------------+----------------------------------------------+-----
Stealth        | 5 6 7 8 10 11 12 | 12.7
Short Blades   | 3 4 5 6 8 9 10 11 12 | 12.0
Dodging        | 2 3 4 5 6 7 9 11 12 13 | 13.0
Fighting       | 3 4 5 6 7 8 10 12 | 12.8
Shields        | 2 3 4 |  4.0
Throwing       | 3 4 5 6 |  6.6
Evocations     | 1 2 |  2.6

Action                   |  1- 3 |  4- 6 |  7- 9 | 10-12 | 13-15 || total
-------------------------+-------+-------+-------+-------+-------++-------
Melee: Dagger            |    62 |    63 |   206 |   409 |   271 ||  1011
       Short sword       |    21 |   201 |   154 |   254 |   959 ||  1589
Throw: Dart              |       |    15 |    19 |    14 |    13 ||    61
       Boomerang         |       |       |       |     3 |       ||     3
Invok: Trog's Hand       |       |       |     1 |       |     1 ||     2
       Berserk           |       |       |     3 |     1 |     4 ||     8
       Brothers in Arms  |       |       |       |       |     2 ||     2
Evoke: Wand              |       |       |       |     5 |     6 ||    11
  Use: Scroll            |       |    11 |    10 |     2 |     5 ||    28
       Potion            |       |       |     4 |     1 |     5 ||    10
 Stab: Sleeping          |     6 |    13 |     6 |    14 |     7 ||    46
       Distracted        |       |       |     1 |     1 |     2 ||     4
       Petrified         |       |       |       |     1 |     2 ||     3
Armor: Robe              |    22 |    12 |       |       |       ||    34
       Animal skin       |       |    22 |       |       |       ||    22
       Ring mail         |       |    16 |    61 |       |       ||    77
       Leather armour    |       |     6 |       |       |       ||     6
       Skin              |       |       |     4 |       |       ||     4
       Acid dragon scale |       |       |    29 |   119 |   159 ||   307
Dodge: Dodged            |    51 |   119 |   131 |   231 |   503 ||  1035
Block: Buckler           |       |     3 |    48 |   198 |   377 ||   626
       Reflection        |       |       |       |     7 |     4 ||    11
